 Dungeon Crawl Stone Soup version 0.30-a0-883-g5ad918d77d (webtiles) character file.

Game seed: 10842132507072432993

1885 Newt the Spear-Bearer (level 8, -7/60 HPs)
             Began as a Demonspawn Gladiator on Mar 16, 2023.
             Was a Follower of Makhleb.
             Killed from afar by an electric eel (8 damage)
             ... with a bolt of electricity
             ... on level 6 of the Dungeon.
             The game lasted 00:05:48 (5439 turns).

Newt the Spear-Bearer (Demonspawn Gladiator)        Turns: 5439, Time: 00:05:49

Health: -7/60      AC: 11    Str: 16    XL:     8   Next: 92%
Magic:  8/8        EV: 12    Int: 10    God:    Makhleb [*.....]
Gold:   216        SH:  5    Dex: 15    Spells: 7/7 levels left

rFire   . . .      SeeInvis .    m - +6 spear
rCold   . . .      Faith    .    (no shield)
rNeg    . . .      Spirit   .    b - +0 leather armour
rPois   .          Reflect  +    c - +0 helmet
rElec   .          Rampage  .    B - +2 cloak
rCorr   .                        l - +1 pair of gloves
Will    .....                    y - +0 pair of boots
Stlth   +                        t - amulet of reflection
HPRegen 0.30/turn                (no ring)
MPRegen 0.11/turn                (no ring)

@: no status effects
A: powered by pain 1, sturdy frame 1, demonic touch 1
a: Renounce Religion


You were on level 6 of the Dungeon.
You worshipped Makhleb.
Makhleb was aware of your devotion.
You visited 1 branch of the dungeon, and saw 7 of its levels.

You collected 216 gold pieces.

Inventory:

Hand Weapons
 a - a +0 rapier
 m - a +6 spear (weapon)
Missiles
 d - 6 throwing nets (quivered)
 e - 6 javelins
Armour
 b - a +0 leather armour (worn)
 c - a +0 helmet (worn)
 l - a +1 pair of gloves (worn)
 o - a +0 cloak
 y - a +0 pair of boots (worn)
 B - a +2 cloak (worn)
Jewellery
 j - an amulet of magic regeneration
 t - an amulet of reflection (around neck)
Wands
 r - a wand of flame (38)
 u - a wand of polymorph (9)
Scrolls
 w - a scroll of torment {unknown}
 x - a scroll of fear
 A - a scroll of identify
 C - a scroll of amnesia {unknown}
Potions
 f - 2 potions of attraction {unknown}
 g - 2 potions of curing
 h - 2 potions of berserk rage
 i - 2 potions of lignification {unknown}
 k - a potion of cancellation
 n - a potion of flight
 p - 2 potions of haste
 q - 3 potions of heal wounds
 s - 2 potions of brilliance
 v - a potion of magic {unknown}
 z - a potion of resistance {unknown}


   Skills:
 - Level 4.0 Fighting
 - Level 2.6 Short Blades
 + Level 8.6 Polearms
 - Level 1.7 Throwing
 - Level 5.0 Armour
 - Level 2.6 Dodging


You had 7 spell levels left.
You didn't know any spells.
Your spell library contained the following spells:

 Spells                   Type           Power      Damage    Failure   Level
 Magic Dart               Conj           0%         1d3       36%         1
 Blink                    Tloc           0%         N/A       52%         2
 Call Imp                 Summ           0%         N/A       52%         2
 Lesser Beckoning         Tloc           0%         N/A       52%         2
 Momentum Strike          Conj/Tloc      0%         3d8       52%         2
 Mephitic Cloud           Conj/Pois/Air  0%         N/A       75%         3


Dungeon Overview and Level Annotations

Branches:
Dungeon (7/15)             Temple (0/1) D:6

Altars:
Ashenzari
Kikubaaqudgha
Makhleb
Qazlal
Wu Jian
Xom
Yredelemnul

Annotations:
D:5 2 transporters
D:6 1 transporter


Innate Abilities, Weirdness & Mutations

You sometimes gain a little power by taking damage.
Your movements are slightly less encumbered by armour. (ER -2)
Your touch may inflict minor irresistible damage on your foes.


Message History

The electric eel shoots out a bolt of lightning at you!
The bolt of electricity hits you!
You start resting.
You start resting.
HP restored.
The electric eel shoots out a bolt of lightning at you!
The bolt of electricity hits you. The bolt of electricity hits you!
There is an open door here.
Unknown command.
Reach: m) +6 spear
Press: ? - help, Dir - move target, f - electric eel
Aim: an electric eel (about 40% to evade your +6 spear)
You reach to attack!
You hit the electric eel.
The electric eel is moderately wounded.
Unknown command.
Reach: m) +6 spear
Press: ? - help, Dir - move target, f/p - electric eel
Aim: an electric eel (moderately wounded, about 40% to evade your +6 spear)
You reach to attack!
You hit the electric eel.
The electric eel is severely wounded.
The electric eel shoots out a bolt of lightning at you!
The bolt of electricity hits you.
The electric eel shoots out a bolt of lightning at you!
The bolt of electricity misses you. The bolt of electricity hits you.
Reach: m) +6 spear
Press: ? - help, Dir - move target, f/p - electric eel
Aim: an electric eel (severely wounded, about 40% to evade your +6 spear)
You reach to attack!
You hit the electric eel.
The electric eel is almost dead.
The electric eel shoots out a bolt of lightning at you!
The bolt of electricity hits you.
The electric eel shoots out a bolt of lightning at you!
The bolt of electricity hits you. The bolt of electricity hits you!
* * * LOW HITPOINT WARNING * * *
The bolt of electricity hits the plant!
The plant begins to die.
The electric eel shoots out a bolt of lightning at you!
The bolt of electricity hits you!
* * * LOW HITPOINT WARNING * * *
The bolt of electricity hits you!
You die...

#.........# #..# #........#.##.##
#(...####.####.####.......#......
....>...#........##.......####.##
...........##.............# #.#
........#..#....©.........# #.##
#..........#.#######......# #..#
#...#####.<#.#8.©.8#)>....# ##.#
#...# #....#P...P#)###### #.#
#...# ##.#.###@###.# #.# ...##
#.#[#S...~#.# #.# ####
#.))#S...~#.# #.# #####
###.#~~SP~#.##########.# ....#
#.#~~⌠~~#......(.....#
.##.########.#~P~~~#.#######.####
.##.##.......#~~~P~#.# #.#
.......####..#~P~~~#.# #.#
##.....####..###+###.# #.#


You could see 3 electric eels.

Vanquished Creatures
  A sky beast (D:6)
  An ice beast (D:6)
  An ogre (D:6)
  A bullfrog (D:6)
  A gnoll sergeant (D:5)
  3 scorpions
  9 wights (D:6)
  A howler monkey (D:6)
  6 hounds
  3 jellies
  Crazy Yiuf (D:6)
  3 gnoll boudas
  A sleepcap (D:5)
  2 iguanas (D:6)
  3 orc wizards
  15 gnolls
  4 adders
  A white imp (D:6)
  4 dart slugs
  15 orcs
  An endoplasm (D:2)
  2 giant cockroaches (D:2)
  6 hobgoblins
  4 jackals (D:2)
  10 kobolds
  2 quokkas
  6 ball pythons
  4 bats
  4 frilled lizards
  4 goblins
  6 rats
125 creatures vanquished.

Vanquished Creatures (others)
  12 plants (D:3)
12 creatures vanquished.

Grand Total: 137 creatures vanquished

Notes
Turn   | Place    | Note
-------+----------+-------------------------------------------
     0 | D:1      | Newt the Demonspawn Gladiator began the quest for the Orb.
     0 | D:1      | Reached XP level 1. HP: 16/16 MP: 1/1
   210 | D:1      | Gained mutation: Your movements are slightly less
                  | encumbered by armour. (ER -2) [demonic ancestry]
   210 | D:1      | Reached XP level 2. HP: 14/23 MP: 2/2
   847 | D:2      | Gained mutation: You sometimes gain a little power by
                  | taking damage. [demonic ancestry]
   847 | D:2      | Reached XP level 3. HP: 29/29 MP: 3/3
  1069 | D:2      | Found a broken altar of Ashenzari.
  1305 | D:2      | Reached skill level 1 in Polearms
  1585 | D:3      | Reached XP level 4. HP: 35/37 MP: 4/4
  1978 | D:3      | Found a faded altar of an unknown god.
  2063 | D:4      | Reached skill level 2 in Polearms
  2180 | D:4      | Gained mutation: Your touch may inflict minor irresistible
                  | damage on your foes. [demonic ancestry]
  2180 | D:4      | Reached XP level 5. HP: 37/42 MP: 5/5
  2194 | D:4      | Reached skill level 3 in Polearms
  2304 | D:4      | Reached skill level 4 in Polearms
  2936 | D:5      | Entered Level 5 of the Dungeon
  2942 | D:5      | Found a stormy altar of Qazlal.
  2958 | D:5      | Reached XP level 6. HP: 47/48 MP: 6/6
  2996 | D:5      | Found a shimmering altar of Xom.
  2999 | D:5      | Found a basalt altar of Yredelemnul.
  3100 | D:5      | Found a burning altar of Makhleb.
  3139 | D:5      | Became a worshipper of Makhleb the Destroyer
  3201 | D:5      | Reached skill level 5 in Polearms
  3290 | D:5      | Noticed a steam dragon
  3293 | D:5      | Noticed a troll
  3293 | D:5      | Noticed a yak
  3306 | D:5      | Noticed a wraith
  3400 | D:5      | Found a broken altar of Ashenzari.
  3404 | D:5      | Found a transporter.
  3451 | D:5      | Reached XP level 7. HP: 8/54 MP: 7/7
  3602 | D:5      | Found a transporter.
  3754 | D:5      | Reached skill level 6 in Polearms
  3754 | D:5      | Reached skill level 1 in Armour
  4036 | D:6      | Found a transporter.
  4056 | D:6      | Found a transporter.
  4057 | D:6      | Reached * piety under Makhleb
  4254 | D:6      | Reached XP level 8. HP: 31/60 MP: 8/8
  4367 | D:6      | Reached skill level 5 in Armour
  4649 | D:6      | Reached skill level 7 in Polearms
  4736 | D:6      | Reached skill level 8 in Polearms
  5010 | D:6      | Found a runed translucent door.
  5011 | D:6      | Noticed Crazy Yiuf
  5020 | D:6      | Killed Crazy Yiuf
  5176 | D:6      | Found a staircase to the Ecumenical Temple.
  5278 | D:6      | Found an ancient bone altar of Kikubaaqudgha.
  5278 | D:6      | Found an ornate altar of the Wu Jian Council.
  5439 | D:6      | HP: 1/60 [electric eel/bolt of electricity (14)]
  5439 | D:6      | Killed from afar by an electric eel

Illustrated notes

Levels and vault maps discovered:
D:1:      reono_arrival_mine, layout_loops_ring
D:2:      layout_basic, basic_altar, chequers_serial_rivers_room_b,
          lemuel_flame_loot_1
D:3:      layout_basic, dilly_ecumenical_altar_fadedgnrine
D:4:      layout_basic, cheibrodos_gnoll_hut
D:5:      layout_loops_ring, gammafunk_temple_overflow_arena,
          mainiacjoe_overflow_alcove_2, minitemple, serial_park_tiny_pond
D:6:      gammafunk_steamed_eel, layout_loops_cross,
          gammafunk_temple_overflow_elements, minmay_temple_entry_poolview,
          uniq_crazy_yiuf_cottage
D:7:      layout_basic, mainiacjoe_overflow_paths

Skill      XL: |  1  2  3  4  5  6  7  8 |
---------------+-------------------------+-----
Fighting       | 3 4 |  4.0
Polearms       | 1 2 4 5 6 8 |  8.6
Armour         | 4 5 |  5.0
Short Blades   | |  2.6
Throwing       | |  1.7
Dodging        | |  2.6

Action                     |  1- 3 |  4- 6 |  7- 9 || total
---------------------------+-------+-------+-------++-------
  Melee: Rapier            |    50 |       |       ||    50
         Spear             |    78 |   146 |   166 ||   390
         Punch             |       |     4 |     1 ||     5
         Touch             |       |    16 |    29 ||    45
    Use: Scroll            |     7 |     7 |     1 ||    15
         Potion            |       |     4 |     2 ||     6
   Stab: Distracted        |       |       |     1 ||     1
         Sleeping          |       |       |     3 ||     3
 Armour: Leather armour    |    38 |    35 |    25 ||    98
  Dodge: Dodged            |    77 |    58 |    49 ||   184
  Block: Other             |       |    18 |    11 ||    29

Table legend: (Time is in decaauts)
 A = Elapsed time spent in this place.
 B = Non-inter-level travel time spent in this place.
 C = Inter-level travel time spent in this place.
 D = Time resting spent in this place.
 E = Time spent auto-exploring this place.
 F = Levels seen in this place.
 G = Mean time per level.
                   A        B        C        D        E       F      G
               +--------+--------+--------+--------+--------+-----+--------+
         Total |   5383 |   5165 |    218 |    681 |   3625 |   7 |  769.0 |
       Dungeon |   5383 |   5165 |    218 |    681 |   3625 |   7 |  769.0 |
               +--------+--------+--------+--------+--------+-----+--------+

Top non-repeatable levels by time:
     D:6: 1454 daAuts
     D:5: 978 daAuts
     D:4: 905 daAuts
     D:2: 775 daAuts
     D:1: 736 daAuts
     D:3: 529 daAuts
     D:7: 3 daAuts
